 Dungeon Crawl Stone Soup version 0.26.0-90-g5fd8617961 (webtiles) character file.

Game seed: 8714765122251363760

2351 Eurus the Insei (level 9, -11/71 (74) HPs)
             Began as a Green Draconian Transmuter on Feb 2, 2021.
             Mangled by Gastronok (18 damage)
             ... on level 8 of the Dungeon.
             The game lasted 00:23:42 (9891 turns).

Eurus the Insei (Green Draconian Transmuter)        Turns: 9891, Time: 00:23:42

HP:   -11/71 (74)   AC:  9    Str: 19    XL:     9   Next: 20%
MP:   16/16         EV: 16    Int: 15    God:
Gold: 538           SH:  0    Dex: 19    Spells: 11/18 levels left

rFire    . . .     SeeInvis .     - Unarmed
rCold    . . .     Faith    .   (no shield)
rNeg     . . .     Spirit   .   (armour unavailable)
rPois    +         Reflect  .   (helmet currently unavailable)
rElec    .         Harm     .   j - +1 cloak
rCorr    .         Rampage  .   (no gloves)
Will     .....                  (boots currently unavailable)
Stlth    ++........             (no amulet)
HPRegen  0.21/turn              r - +6 ring of strength
MPRegen  0.15/turn              p - +6 ring of dexterity

@: short of breath, appendages, slowed, lightly drained, very slow
A: breathe noxious fumes, unfitting armour, horns 2, talons 2, poison
resistance, cold-blooded, AC +7
a: Breathe Noxious Fumes, End Transformation


You were on level 8 of the Dungeon.
You had grown temporary horns.
You had grown temporary talons.
You visited 2 branches of the dungeon, and saw 9 of its levels.

You collected 538 gold pieces.

Inventory:

Armour
 j - a +1 cloak (worn)
Jewellery
 o - an uncursed amulet of faith
 p - a +6 ring of dexterity (right hand)
 r - a +6 ring of strength (left hand)
Wands
 k - a wand of digging (4)
 l - a wand of acid (20)
 t - a wand of disintegration (26)
 w - a wand of flame (21)
Scrolls
 a - 2 scrolls of identify
 c - 2 scrolls of amnesia
 d - 6 scrolls of teleportation
 f - 4 scrolls of remove curse
 g - 3 scrolls of fog
 h - a scroll of noise
 n - a scroll of fear
 v - 2 scrolls of magic mapping
Potions
 b - 4 potions of curing
 e - 3 potions of attraction
 i - 2 potions of might
 m - 3 potions of heal wounds
 q - a potion of cancellation
 s - 4 potions of lignification
 u - a potion of experience {unknown}


   Skills:
 + Level 5.6 Fighting
 - Level 5.0 Dodging
 + Level 5.9 Unarmed Combat
 + Level 5.0 Spellcasting
 + Level 3.3 Conjurations
 + Level 5.4 Transmutations
 - Level 2.0 Air Magic
 + Level 1.3 Poison Magic


You had 11 spell levels left.
You knew the following spells:

 Your Spells              Type           Power        Failure   Level
a - Beastly Appendage     Tmut           40%          1%          1
b - Wereblood             Tmut           20%          2%          2
c - Magic Dart            Conj           52%          4%          1
d - Mephitic Cloud        Conj/Pois/Air  10%          21%         3

Your spell library contained the following spells:

 Spells                   Type           Power        Failure   Level
 Foxfire                  Conj/Fire      32%          9%          1
 Spider Form              Tmut/Pois      6%           12%         3
 Corona                   Hex            3%           16%         1
 Blink                    Tloc           N/A          24%         2
 Call Imp                 Summ           3%           24%         2
 Ensorcelled Hibernation  Hex/Ice        6%           24%         2
 Slow                     Hex            3%           24%         2
 Conjure Flame            Conj/Fire      8%           24%         3
 Dazzling Flash           Conj/Hex       16%          24%         3
 Confusing Touch          Hex            3%           43%         3
 Inner Flame              Hex/Fire       3%           43%         3
 Tukima's Dance           Hex            3%           43%         3
 Blade Hands              Tmut           10%          43%         5
 Ice Form                 Ice/Tmut       11%          47%         4
 Sticky Flame             Conj/Fire      8%           63%         4
 Fireball                 Conj/Fire      4%           92%         5


Dungeon Overview and Level Annotations

Branches:
Dungeon (8/15)             Temple (1/1) D:6
   Lair: D:8-11

Altars:
Ashenzari
Dithmenos
Elyvilon
Kikubaaqudgha
Nemelex Xobeh
Okawaru
Ru
Sif Muna
Trog
Uskayaw
Vehumet
Wu Jian
Xom
Zin

Annotations:
D:8 Gastronok


Innate Abilities, Weirdness & Mutations

You can breathe blasts of noxious fumes.
Your lurid green scales are hard. (AC +7)
You cannot fit into any form of body armour.
Your system is resistant to poisons. (rPois)
You are cold-blooded and may be slowed by cold attacks.
You have a pair of horns on your head.
You have razor-sharp toenails.


Message History

Casting: Wereblood (safe; 2% risk of failure)
Confirm with . or Enter, or press ? or * to list all spells.
You grow a pair of large bovine horns.
Your feet morph into talons.
The river rat is engulfed in noxious fumes.
The river rat appears confused.
The river rat runs around in a circle.
Gastronok is engulfed in noxious fumes.
Gastronok bites you.
The river rat is engulfed in noxious fumes.
The river rat appears confused.
Gastronok is engulfed in noxious fumes.
Gastronok mumbles some strange words.
Gastronok puts on a burst of speed!
Unknown command.
You hit Gastronok. You headbutt Gastronok.
Gastronok is heavily wounded.
Gastronok bites you!
* * * LOW HITPOINT WARNING * * *
You hit Gastronok. Your punch misses Gastronok.
Gastronok is heavily wounded.
Gastronok bites you!!
You die...

#...########.....# #
#.##.............# #
####.##.#######.....#######...
#....##......##...............
#.##########.##.........!...._
#.#.....# #.##...............
#.#.###.## #.####r##......:...
#.#.#....###.####w##..........
#.#.............@.##(.......)#
'.........#.########.....b...#
#.####....#.# #........w#
#.........#.# ###########
...###...##.# ##.# #...<..#
.#.###....#.# ..........#.#
.)........#.#


You could see Gastronok (swift) and a rat (summoned).

Vanquished Creatures
  Pikel (D:4)
  Menkaure (D:7)
  Duvessa (D:4)
  An ice beast (D:5)
  A phantom (D:4)
  A necrophage (D:6)
  A lemure (D:4)
  3 bullfrogs
  Dowan (D:4)
  5 wights
  2 howler monkeys (D:7)
  A hound (D:5)
  7 orc wizards
  4 bullfrog skeletons
  An orc priest (D:6)
  2 iguanas
  Natasha (D:2)
  8 worker ants
  A worker ant zombie (D:5)
  4 gnolls (D:2)
  4 adders
  A shadow imp (D:6)
  5 white imps
  2 ufetubi
  An ooze (D:1)
  An adder skeleton (D:6)
  2 worms
  2 dart slugs
  4 leopard geckos (D:1)
  13 orcs
  5 giant cockroaches
  2 goblins (D:3)
  5 hobgoblins
  10 jackals
  4 quokkas
  3 ball pythons
  5 bats
  8 frilled lizards
  6 kobolds
  A leopard gecko skeleton (D:5)
  A quokka skeleton (D:6)
  8 rats
140 creatures vanquished.

Vanquished Creatures (others)
  5 plants (D:7)
5 creatures vanquished.

Grand Total: 145 creatures vanquished

Notes
Turn   | Place    | Note
-------+----------+-------------------------------------------
     0 | D:1      | Eurus the Draconian Transmuter began the quest for the Orb.
     0 | D:1      | Reached XP level 1. HP: 16/16 MP: 3/3
   412 | D:1      | Reached XP level 2. HP: 13/23 MP: 3/5
  1250 | D:1      | Reached XP level 3. HP: 27/29 MP: 4/6
  1424 | D:2      | Noticed Natasha
  1431 | D:2      | Killed Natasha
  1449 | D:2      | Learned a level 2 spell: Wereblood
  1626 | D:2      | Reached XP level 4. HP: 36/36 MP: 7/7
  3000 | D:3      | Reached XP level 5. HP: 36/42 MP: 9/9
  3654 | D:4      | Noticed Dowan
  3917 | D:4      | Reached XP level 6. HP: 51/51 MP: 10/10
  4688 | D:4      | Your scales start taking on a lurid green colour.
  4688 | D:4      | Reached XP level 7. HP: 52/57 MP: 10/12
  4688 | D:4      | Gained mutation: Your system is resistant to poisons.
                  | (rPois) [Green Draconian growth]
  4899 | D:4      | Noticed Duvessa
  5030 | D:5      | Entered Level 5 of the Dungeon
  5083 | D:5      | Noticed Pikel
  5543 | D:4      | Killed Duvessa
  5564 | D:4      | Killed Dowan
  5571 | D:4      | Learned a level 1 spell: Magic Dart
  5715 | D:4      | Killed Pikel
  5716 | D:4      | Reached skill level 5 in Unarmed Combat
  5716 | D:4      | Reached skill level 1 in Conjurations
  5716 | D:4      | Reached XP level 8. HP: 66/67 MP: 12/14
  5894 | D:5      | Learned a level 3 spell: Mephitic Cloud
  6586 | D:6      | Reached skill level 1 in Air Magic
  6644 | D:6      | Reached skill level 5 in Fighting
  6750 | D:6      | Found a white marble altar of Elyvilon.
  7017 | D:6      | Reached skill level 5 in Transmutations
  7592 | D:6      | Reached XP level 9. HP: 72/74 MP: 16/16
  7802 | D:6      | Found a staircase to the Ecumenical Temple.
  7853 | Temple   | Entered the Ecumenical Temple
  8964 | D:7      | Noticed Menkaure
  8990 | D:7      | Killed Menkaure
  8991 | D:7      | Reached skill level 5 in Dodging
  8991 | D:7      | Reached skill level 5 in Spellcasting
  8991 | D:7      | Reached skill level 1 in Poison Magic
  9485 | D:8      | Noticed a two-headed ogre
  9846 | D:8      | Noticed Gastronok
  9847 | D:8      | Found an ornate altar of the Wu Jian Council.
  9891 | D:8      | Mangled by Gastronok

Illustrated notes

Levels and vault maps discovered:
D:1:      doesnt_arrival_eight_statues, layout_basic,
          chequers_serial_rivers_small_a
D:2:      layout_loops_corners, uniq_natasha
D:3:      layout_loops_ring
D:4:      minmay_opposing_rooms, layout_basic, uniq_duvessa
D:5:      layout_basic, minmay_diced_spiral, uniq_pikel
D:6:      layout_basic, elyvilon_altar_5, minmay_temple_entry_tees
D:7:      layout_loops_ring, serial_bayou_ford_a, uniq_menkaure
D:8:      layout_basic, gammafunk_ghost_smash, basic_altar,
          hangedman_glass_teeth, uniq_gastronok
Temple:   minmay_temple_bridge_abc

Skill      XL: |  1  2  3  4  5  6  7  8  9 |
---------------+----------------------------+-----
Dodging        | 2 3 4 5 |  5.0
Fighting       | 2 3 4 5 |  5.6
Transmutations | 3 4 5 |  5.4
Spellcasting   | 3 4 5 |  5.0
Unarmed Combat | 4 5 |  5.9
Conjurations   | 1 2 3 |  3.3
Air Magic      | 2 |  2.0
Poison Magic   | 1 |  1.3

Action                   |  1- 3 |  4- 6 |  7- 9 || total
-------------------------+-------+-------+-------++-------
Melee: Unarmed           |   103 |   203 |   266 ||   572
       Kick              |     8 |    27 |    63 ||    98
       Tailslap          |    12 |    25 |    52 ||    89
       Headbutt          |     5 |    20 |    47 ||    72
       Punch             |     2 |     3 |     2 ||     7
 Cast: Beastly Appendage |    15 |    16 |    32 ||    63
       Wereblood         |       |     5 |     3 ||     8
 Abil: Breathe Noxious F |       |       |    10 ||    10
  Use: Scroll            |       |       |    16 ||    16
       Potion            |       |       |     2 ||     2
 Stab: Confused          |       |       |     5 ||     5
Armor: Skin              |    40 |    58 |    61 ||   159
Dodge: Dodged            |    58 |   126 |   152 ||   336
